 Dungeon Crawl Stone Soup version 0.24-a0-102-g7635c99 (webtiles) character file.

Game seed: 1062891568046115518

4875 emperorscorpion the Cruncher (level 10, -6/79 HPs)
             Began as a Formicid Fighter on Feb 12, 2019.
             Was an Elder of Okawaru.
             Mangled by a komodo dragon (16 damage)
             ... on level 9 of the Dungeon.
             The game lasted 00:13:27 (8301 turns).

emperorscorpion the Cruncher (Formicid Fighter)     Turns: 8301, Time: 00:13:28

Health: -6/79      AC: 17    Str: 25    XL:     10   Next: 79%
Magic:  10/10      EV:  9    Int:  7    God:    Okawaru [****..]
Gold:   445        SH: 11    Dex: 10    Spells: 9/9 levels left

rFire    . . .     SeeInvis +   a - +2 quarterstaff (chaos)
rCold    . . .     Gourm    .   c - +0 shield
rNeg     . . .     Faith    .   k - +3 chain mail
rPois    .         Spirit   .   (helmet unavailable)
rElec    .         Reflect  .   t - +0 cloak
rCorr    .         Harm     .   i - +0 pair of gloves
MR       +....                  A - +0 pair of boots
Stlth    ..........             r - amulet of magic regeneration
HPRegen  0.23/turn              (no ring)
MPRegen  0.37/turn              (no ring)

@: no status effects
A: permanent stasis, dig shafts and tunnels, four strong arms, antennae 3
a: Dig, Shaft Self, Heroism, Renounce Religion


You were on level 9 of the Dungeon.
You worshipped Okawaru.
Okawaru was greatly pleased with you.
You were not hungry.

You visited 2 branches of the dungeon, and saw 10 of its levels.

You collected 445 gold pieces.

Inventory:

Hand Weapons
 a - a +2 quarterstaff of chaos (weapon)
 b - a +0 quarterstaff
Missiles
 l - 28 poisoned needles
 w - 5 throwing nets (quivered)
 y - 2 tomahawks
Armour
 c - a +0 shield (worn)
 g - a +0 scale mail of positive energy
 i - a +0 pair of gloves (worn)
 k - a +3 chain mail (worn)
 s - a +0 scale mail
 t - a +0 cloak (worn)
 A - a +0 pair of boots (worn)
Jewellery
 j - an uncursed ring of ice
 r - an amulet of magic regeneration (around neck)
Wands
 u - a wand of random effects (40)
Scrolls
 e - 3 scrolls of magic mapping
 q - 4 scrolls of amnesia
 v - 3 scrolls of enchant armour
 C - 5 scrolls of remove curse
 E - a scroll of identify
Potions
 d - a potion of might
 m - 2 potions of haste
 n - 2 potions of agility
 o - a potion of degeneration {unknown}
 p - a potion of magic {unknown}
 x - 4 potions of curing
 z - 2 potions of lignification {unknown}
 B - a potion of flight {unknown}
Comestibles
 f - 15 rations
 h - 2 chunks of flesh


   Skills:
 + Level 7.3 Fighting
 + Level 10.1 Staves
 + Level 7.4 Armour
 + Level 3.1 Dodging
 - Level 2.7 Stealth
 + Level 8.5 Shields


You had 9 spell levels left.
You didn't know any spells.
Your spell library contained the following spells:

 Spells                   Type           Power        Failure   Level  Hunger
 Searing Ray              Conj           #.....       99%         2    ###....
 Dazzling Spray           Conj/Hex       #.....       100%        3    ####...
 Bolt of Draining         Conj/Necr      #.........   100%        5    ######.
 Fireball                 Conj/Fire      #.........   100%        5    ######.
 Lightning Bolt           Conj/Air       #.........   100%        5    ######.


Dungeon Overview and Level Annotations

Branches:
Dungeon (9/15)             Temple (1/1) D:4            Lair (0/6) D:9
    Orc: D:9-12

Altars:
Dithmenos
Elyvilon
Fedhas
Gozag
Hepliaklqana
Kikubaaqudgha
Makhleb
Nemelex Xobeh
Okawaru
Qazlal
Sif Muna
Trog
Uskayaw
Vehumet
Xom
Yredelemnul
Zin
The Shining One


Innate Abilities, Weirdness & Mutations

You cannot be hasted, slowed, berserked, paralysed or teleported.
You can dig through walls and to a lower floor.
Your four strong arms can wield two-handed weapons with a shield.
You have a pair of large antennae on your head. (SInv)


Message History

You block the komodo dragon's attack.
You sock the komodo dragon! You freeze the komodo dragon!
The komodo dragon is severely wounded.
The komodo dragon bites you!!
* * * LOW HITPOINT WARNING * * *
The komodo dragon bites you.
* * * LOW HITPOINT WARNING * * *
You are too injured to fight recklessly!
Evoke which item? (* to show all) (? for menu, Esc to quit)
Aiming: Random Effects
Press: ? - help, Shift-Dir - straight line, f/p - komodo dragon
Aim: a komodo dragon (severely wounded, berserk, fast, unusually strong, poisoned)
The komodo dragon easily resists.
You block the komodo dragon's attack.
Evoke which item? (* to show all) (? for menu, Esc to quit)
Aiming: Random Effects
Press: ? - help, Shift-Dir - straight line, f/p - komodo dragon
Aim: a komodo dragon (severely wounded, berserk, fast, unusually strong, poisoned)
The bolt of negative energy misses the komodo dragon.
The komodo dragon bites you!
You die...

.........#
(.......#
.......#
(.....# .
#.....# ..
#(....#
#...###.....#
.........l..#
...###....@.#
. ...≈...#...#
#..#...#..#..#
#.##PP.##.#..#
#...PPP...#..#
#≈.P.>PP.≈#..#
#?..P.P...#..#
#.##P..##.#..#
#..#...#..#..#


You could see a komodo dragon (berserk).

Vanquished Creatures
  A two-headed ogre (D:8)
  A shadow (D:8)
  5 yaks (D:6)
  A hungry ghost (D:6)
  A water moccasin (D:8)
  5 ice beasts
  2 ogres
  A phantom (D:6)
  An eye of draining (D:8)
  3 centaurs
  A big kobold (D:8)
  A bullfrog (D:8)
  4 scorpions
  A howler monkey (D:5)
  4 wights (D:9)
  An electric eel (D:7)
  4 crimson imps
  A centaur zombie (D:8)
  2 jellies
  4 quasits
  8 hounds
  Crazy Yiuf (D:2)
  Natasha (thrice) (D:2)
  2 iguanas (D:7)
  Terence (D:2)
  5 orc wizards
  9 worker ants
  A worker ant zombie (D:8)
  10 adders
  4 shadow imps
  2 oozes
  3 worms
  2 dart slugs (D:1)
  5 leopard geckos
  14 orcs
  3 giant cockroaches
  9 hobgoblins
  21 jackals
  5 quokkas
  2 ball pythons
  8 bats
  6 frilled lizards
  11 goblins
  12 kobolds
  A leopard gecko skeleton (D:6)
  A leopard gecko zombie (D:3)
  2 quokka skeletons (D:4)
  6 rats
201 creatures vanquished.

Vanquished Creatures (others)
  A yak (D:6)
  A sky beast (D:5)
2 creatures vanquished.

Grand Total: 203 creatures vanquished

Notes
Turn   | Place    | Note
-------+----------+-------------------------------------------
     0 | D:1      | emperorscorpion the Formicid Fighter began the quest for
                  | the Orb.
     0 | D:1      | Reached XP level 1. HP: 18/18 MP: 1/1
    31 | D:1      | Reached XP level 2. HP: 14/24 MP: 2/2
   313 | D:1      | Reached XP level 3. HP: 27/29 MP: 3/3
   861 | D:2      | Reached XP level 4. HP: 33/37 MP: 4/4
  1212 | D:2      | Reached XP level 5. HP: 34/42 MP: 5/5
  1261 | D:2      | Reached skill level 3 in Staves
  1444 | D:2      | Noticed Natasha
  1455 | D:2      | Killed Natasha
  1559 | D:2      | Noticed Natasha
  1966 | D:2      | Killed Natasha
  1966 | D:2      | Reached XP level 6. HP: 30/49 MP: 6/6
  2209 | D:2      | Found a burning altar of Makhleb.
  2229 | D:2      | Noticed Terence
  2251 | D:2      | Killed Terence
  2311 | D:2      | Found a runed translucent door.
  2312 | D:2      | Noticed Crazy Yiuf
  2322 | D:2      | Killed Crazy Yiuf
  2465 | D:2      | Noticed Natasha
  2479 | D:2      | Killed Natasha
  2479 | D:2      | Reached skill level 4 in Staves
  2753 | D:2      | Found a bloodstained altar of Trog.
  3373 | D:4      | Reached XP level 7. HP: 55/55 MP: 7/7
  3487 | D:4      | Found a staircase to the Ecumenical Temple.
  3496 | Temple   | Entered the Ecumenical Temple
  3566 | Temple   | Became a worshipper of Warmaster Okawaru
  3823 | D:4      | Reached skill level 5 in Staves
  3827 | D:4      | Reached skill level 5 in Armour
  3827 | D:4      | Reached skill level 1 in Stealth
  3982 | D:4      | Found a bloodstained altar of Trog.
  4016 | D:4      | Reached skill level 5 in Shields
  4133 | D:4      | Reached skill level 1 in Dodging
  4234 | D:4      | Reached * piety under Okawaru
  4234 | D:4      | Reached XP level 8. HP: 57/61 MP: 8/8
  4275 | D:5      | Entered Level 5 of the Dungeon
  4448 | D:5      | Reached skill level 6 in Staves
  4655 | D:5      | Reached skill level 5 in Fighting
  4847 | D:5      | Found a sparkling altar of Nemelex Xobeh.
  5081 | D:5      | Found a glowing silver altar of Zin.
  5282 | D:6      | Found a stormy altar of Qazlal.
  5285 | D:6      | Reached skill level 7 in Staves
  5286 | D:6      | Found a white marble altar of Elyvilon.
  5403 | D:6      | Found a glowing golden altar of the Shining One.
  5412 | D:6      | Noticed a yak
  5413 | D:6      | Noticed a yak
  5435 | D:6      | Killed a yak
  5442 | D:6      | Killed a yak
  5442 | D:6      | Reached ** piety under Okawaru
  5442 | D:6      | Reached XP level 9. HP: 53/68 MP: 9/9
  5676 | D:6      | Reached skill level 8 in Staves
  6073 | D:6      | Found a deep blue altar of Sif Muna.
  6529 | D:7      | Found a shadowy altar of Dithmenos.
  6541 | D:7      | Reached *** piety under Okawaru
  6719 | D:7      | Found a blossoming altar of Fedhas.
  6725 | D:7      | Identified the Incunabulum of Heat and Conjuration
  7051 | D:7      | Found an ancient bone altar of Kikubaaqudgha.
  7083 | D:7      | Found a hazy altar of Hepliaklqana.
  7192 | D:8      | Reached skill level 9 in Staves
  7192 | D:8      | Reached XP level 10. HP: 76/76 MP: 10/10
  7539 | D:8      | Reached **** piety under Okawaru
  7825 | D:8      | Noticed a two-headed ogre
  7834 | D:8      | Killed a two-headed ogre
  7834 | D:8      | Reached skill level 10 in Staves
  8267 | D:9      | Found a staircase to the Lair.
  8281 | D:9      | Noticed a komodo dragon
  8301 | D:9      | Mangled by a komodo dragon

Levels and vault maps discovered:
D:1:      wander_arrival_estate, layout_rooms,
          hangedman_abyss_or_decor_lesser_grid, minmay_tetromino_l4
D:2:      layout_rooms, lemuel_coloured_pillars_altar,
          overflow_temple_1_default, first_ration, minmay_indecisive_spiral,
          uniq_crazy_yiuf_cottage, uniq_natasha, uniq_terence
D:3:      layout_loops_ring
D:4:      layout_basic, minmay_temple_entry_waves, minmay_ruined_shrine
D:5:      layout_loops_corners, nemelex_xobeh_ov_fountains_minmay,
          overflow_temple_1_default, hangedman_minor_gate_pass
D:6:      layout_layer_cave, lemuel_doored_altar, grunt_temple_overflow_open,
          minivault_11
D:7:      layout_rooms, overflow_temple_1_default,
          nicolae_dithmenos_through_a_glass_darkly, marbit_many_paths,
          kennysheep_mini, minivault_4, grunt_ministairs_3
D:8:      layout_loops_ring, grunt_ogre_cave, minmay_door_square,
          ebering_dispersal_statue_hall
D:9:      layout_long_grid, dpeg_oklobed_lair, roderic_serpentine_path,
          bloody_makhleb
Temple:   dpeg_chambers_temple

Skill      XL: |  1  2  3  4  5  6  7  8  9 10 |
---------------+-------------------------------+-----
Armour         | 4 5 6 7 |  7.4
Shields        | 4 5 7 8 |  8.5
Fighting       | 4 5 6 7 |  7.3
Staves         | 3 4 5 7 9 10 | 10.1
Stealth        | 1 2 |  2.7
Dodging        | 1 2 3 |  3.1

Action                   |  1- 3 |  4- 6 |  7- 9 | 10-12 || total
-------------------------+-------+-------+-------+-------++-------
Melee: Quarterstaff      |    81 |   234 |   277 |   170 ||   762
Throw: Javelin           |       |       |       |     3 ||     3
 Abil: Dig               |     1 |     1 |     1 |     2 ||     5
Evoke: Wand              |       |       |       |     3 ||     3
  Use: Scroll            |       |       |     8 |     1 ||     9
 Stab: Paralysed         |       |       |     2 |       ||     2
  Eat: Chunk             |       |     9 |    11 |     4 ||    24
       Ration            |       |       |     1 |       ||     1
Armor: Scale mail        |    36 |    99 |    74 |       ||   209
       Chain mail        |       |       |     3 |    46 ||    49
Dodge: Dodged            |    28 |    84 |    75 |    41 ||   228
Block: Shield            |    57 |   125 |   125 |    78 ||   385

Table legend:
 A = Non-vault XP
 B = Vault XP
 C = Vault XP percentage of total XP
 D = Non-vault monster count
 E = Vault monster count
 F = Vault count percentage of total count
                 A         B        C        D         E       F
            +---------+---------+-------+---------+---------+-------
      Total |    6575 |     390 |   5.6 |     183 |      20 |   9.9
            +---------+---------+-------+---------+---------+-------
        D:1 |      63 |       5 |   7.4 |      27 |       3 |  10.0
        D:2 |     225 |     133 |  37.2 |      42 |       7 |  14.3
        D:3 |      62 |       0 |   0.0 |      15 |       0 |   0.0
        D:4 |     554 |       9 |   1.6 |      21 |       3 |  12.5
        D:5 |     448 |      48 |   9.7 |      11 |       3 |  21.4
        D:6 |    1934 |       0 |   0.0 |      19 |       0 |   0.0
        D:7 |     336 |      82 |  19.6 |       6 |       3 |  33.3
        D:8 |    2520 |     113 |   4.3 |      34 |       1 |   2.9
        D:9 |     433 |       0 |   0.0 |       8 |       0 |   0.0
            +---------+---------+-------+---------+---------+-------
